[Event "Early-Titled-Tuesday-Blitz-January-30-2024"]
[Site "Chess.com"]
[Date "2024.01.30"]
[Round "10"]
[White "Jojo_898"]
[Black "Akylbek2021"]
[Result "0-1"]
[WhiteElo "2433"]
[BlackElo "2297"]
[TimeControl "180+1"]
[EndTime "9:59:00 PST"]
[Termination "Akylbek2021 won by checkmate"]

1. e4 e6 2. d4 d5 3. Nd2 c5 4.
Ngf3 Nc6 5. exd5 Qxd5 6. c3 cxd4 7. Bc4 Qc5 8. cxd4 Nxd4 9. O-O Bd7 10. b3 Nf6 11.
Bb2 Nxf3+ 12. Qxf3 Bc6 13. Qg3 O-O-O 14. Rac1 Rxd2 15. Bxe6+ fxe6 16. Rxc5 Bxc5 17. Bc3 Rxf2 18. Rxf2 Ne4 19. Qxg7 Bxf2+ 20. Kf1 Bb5# 0-1

[Event "Early-Titled-Tuesday-Blitz-January-30-2024"]
[Site "Chess.com"]
[Date "2024.01.30"]
[Round "10"]
[White "dropstoneDP"]
[Black "AlmasRakhmatullaev"]
[Result "1/2-1/2"]
[WhiteElo "3054"]
[BlackElo "2977"]
[TimeControl "180+1"]
[EndTime "9:59:06 PST"]
[Termination "Game drawn by repetition"]

1. e4 e5 2. Nf3 Nf6 3. Nxe5 Nxe4 4. Qe2 Qe7 5. Qxe4 d6 6. d4 dxe5 7. dxe5 Nc6 8. Nc3 Qxe5 9. Qxe5+ Nxe5 10. Nb5 Bb4+ 11.
Bd2 Bxd2+ 12. Kxd2 Kd8 13. Re1 Nd7 14. Bc4 Rf8 15. Kc1 Nb6 16. Bb3 Bd7 17. Nc3 c5 18. Nd5 Nxd5 19. Bxd5 Kc7 20. Re3 Rae8 21. Rhe1 b6 22. h4 h6 23. Kd2 Rxe3 24. Rxe3 Kd6 25. c4 g5 26. hxg5 hxg5 27. Rd3 Kc7 28. Re3 Kd6 29.
Rd3 Kc7 30. Re3 Kd6 1/2-1/2

[Event "Early-Titled-Tuesday-Blitz-January-30-2024"]
[Site "Chess.com"]
[Date "2024.01.30"]
[Round "10"]
[White "blitis"]
[Black "UK_23"]
[Result "1-0"]
[WhiteElo "2613"]
[BlackElo "2420"]
[TimeControl "180+1"]
[EndTime "9:59:17 PST"]
[Termination "blitis won by resignation"]

1. e4 e5 2. Nc3 Nf6 3. g3 d5 4. exd5 Nxd5 5. Nf3 Nc6 6. Bg2 Nxc3 7.
bxc3 Bd6 8. O-O O-O 9. d4 Rb8 10. Re1 Bf5 11. Rb1 Re8 12. Nh4 Bd7 13. Be3 b6 14.
Qd3 exd4 15. cxd4 Qf6 16. c3 h6 17. f4 Ne7 18. Qd2 Nf5 19. Nf3 Nxe3 20. Rxe3 Rxe3 21.
Qxe3 Re8 22. Ne5 Bf5 23. Re1 c5 24. Ng4 Bxg4 25. Qxe8+ Kh7 26. Qe4+ Bf5 27. Qxf5+ Qxf5 28. Be4 1-0

[Event "Early-Titled-Tuesday-Blitz-January-30-2024"]
[Site "Chess.com"]
[Date "2024.01.30"]
[Round "10"]
[White "adotand"]
[Black "Sanyura"]
[Result "1-0"]
[WhiteElo "2835"]
[BlackElo "2651"]
[TimeControl "180+1"]
[EndTime "9:59:22 PST"]
[Termination "adotand won by resignation"]

1. e4 c5 2. Nf3 e6 3. d3 d5 4.
Nbd2 Nc6 5. g3 g6 6. Bg2 Bg7 7. h4 h6 8. Qe2 Nge7 9. c3 b6 10. O-O Ba6 11. e5 Qc7 12. Re1 g5 13. hxg5 hxg5 14. Nxg5 Nxe5 15. c4 O-O-O 16. Ngf3 Nxf3+ 17. Nxf3 Ng6 18. Bg5 Rde8 19. a4 e5 20. a5 e4 21.
axb6 Qxb6 22. Nd2 f5 23. dxe4 dxe4 24. Ra3 Bd4 25. Rea1 Bb7 26. Rb3 Qc6 27. Rxa7 e3 28. fxe3 Rh1+ 29. Kxh1 1-0

[Event "Early-Titled-Tuesday-Blitz-January-30-2024"]
[Site "Chess.com"]
[Date "2024.01.30"]
[Round "10"]
[White "AldokhinIvan"]
[Black "LastHeroJr"]
[Result "1-0"]
[WhiteElo "2655"]
[BlackElo "2496"]
[TimeControl "180+1"]
[EndTime "9:59:32 PST"]
[Termination "AldokhinIvan won on time"]

1. e4 e5 2. Nf3 Nc6 3. Bb5 a6 4. Ba4 Nf6 5. O-O Be7 6. Re1 b5 7. Bb3 O-O 8. d4 d6 9. c3 Bg4 10. d5 Na5 11. Bc2 c6 12. h3 Bc8 13. dxc6 Qc7 14.
Nbd2 Qxc6 15. Nf1 Be6 16. Ng3 h6 17. Nh4 Rfc8 18. Qf3 Nh7 19. Nhf5 Bf8 20. Nh5 Ng5 21. Bxg5 hxg5 22. Nhxg7 Nc4 23. Qh5 1-0

[Event "Early-Titled-Tuesday-Blitz-January-30-2024"]
[Site "Chess.com"]
[Date "2024.01.30"]
[Round "10"]
[White "otrov-11"]
[Black "alvarorodriguezavila"]
[Result "0-1"]
[WhiteElo "2474"]
[BlackElo "2368"]
[TimeControl "180+1"]
[EndTime "9:59:40 PST"]
[Termination "alvarorodriguezavila won by resignation"]

1. d4 Nf6 2. c4 Nc6 3. Nf3 e6 4. g3 d6 5. Bg2 g6 6. O-O Bg7 7.
Nc3 O-O 8. e4 Re8 9. Be3 e5 10.
h3 exd4 11. Nxd4 Bd7 12. Rc1 Nxd4 13. Bxd4 Bc6 14. Nd5 Nxe4 15. Bxg7 Kxg7 16. Qd4+ Nf6 17. Rfe1 Re6 18. h4 h5 19. Rcd1 Bxd5 20. cxd5 Re7 21. Kf1 Rxe1+ 22. Rxe1 Qd7 23. f3 Re8 24. Rxe8 Qxe8 25.
Qxa7 Qb5+ 26. Kg1 Qxb2 27. Qb8 Nxd5 28. f4 Ne3 29. Qxb7 Qc1+ 30. Kh2 Ng4+ 31. Kh3 Qg1 32. Qb2+ Kh7 0-1

[Event "Early-Titled-Tuesday-Blitz-January-30-2024"]
[Site "Chess.com"]
[Date "2024.01.30"]
[Round "10"]
[White "Ati1517"]
[Black "ChEsper99"]
[Result "0-1"]
[WhiteElo "2237"]
[BlackElo "2156"]
[TimeControl "180+1"]
[EndTime "9:59:47 PST"]
[Termination "ChEsper99 won by checkmate"]

1. e4 c6 2. d4 d5 3. Nc3 dxe4 4. Nxe4 Nf6 5. Nxf6+ exf6 6. Bc4 Bd6 7. Qe2+ Be7 8. Be3 O-O 9. Nf3 Be6 10. Bd3 Nd7 11.
O-O b5 12. a4 a6 13. Nd2 Nb6 14. a5 Nd5 15. c3 Re8 16. Qd1 f5 17. g3 Bd6 18. Nf3 f4 19. Bd2 Bg4 20. Kg2 Qd7 21. Re1 Rxe1 22. Bxe1 Re8 23. Qc2 Bxf3+ 24. Kxf3 Qh3 25.
Bd2 Qxh2 26. Be4 fxg3 27. Kg4 h5+ 28. Kg5 f6+ 29. Kf5 Qh3+ 30. Kg6 Ne7# 0-1

[Event "Early-Titled-Tuesday-Blitz-January-30-2024"]
[Site "Chess.com"]
[Date "2024.01.30"]
[Round "10"]
[White "Njal28"]
[Black "Zohid6"]
[Result "1-0"]
[WhiteElo "3045"]
[BlackElo "2872"]
[TimeControl "180+1"]
[EndTime "9:59:50 PST"]
[Termination "Njal28 won by resignation"]

1. d4 e6 2. c4 b6 3. Nc3 Bb4 4. e3 Bb7 5. a3 Bxc3+ 6. bxc3 f5 7. Ne2 Nf6 8. Ng3 O-O 9. f3 d6 10. Bd3 Nbd7 11. O-O Qe7 12. e4 fxe4 13. fxe4 e5 14. Nf5 Qf7 15. Bh6 g6 16. Ne3 Rfe8 17. c5 Kh8 18. Ng4 Qe6 19. Nxf6 Nxf6 20. d5 Qe7 21. c6 Bc8 22. Bg5 Rf8 23. Qd2 Bg4 24.
h3 Rf7 25. hxg4 Raf8 26. Rf3 Qe8 27. Bh6 Rg8 28. Raf1 Qe7 29. Bg5 Rgf8 30. Qf2 Kg7 31. Qh4 1-0

[Event "Early-Titled-Tuesday-Blitz-January-30-2024"]
[Site "Chess.com"]
[Date "2024.01.30"]
[Round "10"]
[White "Viktor_Poddubnyi"]
[Black "PawnEatingZombie"]
[Result "1-0"]
[WhiteElo "2306"]
[BlackElo "2155"]
[TimeControl "180+1"]
[EndTime "9:59:51 PST"]
[Termination "Viktor_Poddubnyi won by resignation"]

1. e4 e6 2. d4 d5 3. Nd2 c5 4. exd5 Qxd5 5. Ngf3 cxd4 6. Bc4 Qd7 7. O-O Nc6 8. Nb3 a6 9. Nbxd4 Nxd4 10. Qxd4 Qxd4 11. Nxd4 Bd6 12. Rd1 Bd7 13. Nxe6 Bxh2+ 14. Kxh2 Bxe6 15. Bxe6 fxe6 16. Be3 Nf6 17. Rd6 Ke7 18. Rb6 Ng4+ 19. Kg3 Nxe3 20. Rxb7+ Kf6 21. fxe3 Rhb8 22. Rf1+ Ke5 23.
Rff7 Rxb7 24. Rxb7 Rc8 25. c3 Ke4 26. Rxg7 Kxe3 27.
Rxh7 Rg8+ 28. Kh2 Kd2 29. Re7 Kc2 30. Rxe6 Kxb2 31. Rxa6 Kxc3 32. Rd6 1-0

[Event "Early-Titled-Tuesday-Blitz-January-30-2024"]
[Site "Chess.com"]
[Date "2024.01.30"]
[Round "10"]
[White "Quattroporte300"]
[Black "HelvertHernandez"]
[Result "1-0"]
[WhiteElo "2374"]
[BlackElo "1897"]
[TimeControl "180+1"]
[EndTime "9:59:51 PST"]
[Termination "Quattroporte300 won by checkmate"]

1. e4 c5 2. Nc3 Nc6 3. g3 g6 4. Bg2 Bg7 5. Nge2 e6 6. d3 Nge7 7. Be3 d6 8. Qd2 Nd4 9. O-O-O Bd7 10. h4 b5 11. h5 b4 12. Nb1 a5 13. Nxd4 cxd4 14.
Bh6 Bxh6 15. Qxh6 Qc7 16. Qg7 Rg8 17. Qxd4 Rc8 18. Rd2 Nc6 19. Qf6 e5 20. hxg6 hxg6 21. Rh7 Be6 22. Rh8 Kd7 23. Rxg8 Rxg8 24. Bh3 Nd4 25.
Bxe6+ Ke8 26. Bc4 a4 27. c3 bxc3 28. Nxc3 a3 29. Nd5 axb2+ 30. Rxb2 Qa5 31. Qe7# 1-0

[Event "Early-Titled-Tuesday-Blitz-January-30-2024"]
[Site "Chess.com"]
[Date "2024.01.30"]
[Round "10"]
[White "NewYearGirl"]
[Black "agvega14"]
[Result "0-1"]
[WhiteElo "2335"]
[BlackElo "2176"]
[TimeControl "180+1"]
[EndTime "9:59:53 PST"]
[Termination "agvega14 won by resignation"]

1. e4 c5 2. Nf3 a6 3. c4 d6 4. d4 cxd4 5. Nxd4 Nf6 6. Nc3 e6 7.
Be3 Qc7 8. Be2 Nbd7 9. O-O b6 10. Rc1 Bb7 11. f3 Rc8 12. b4 Qb8 13. Qe1 Be7 14. Qf2 O-O 15. a4 Bd8 16. Rfd1 Bc7 17. Nb3 Rfe8 18. g4 h6 19. h4 Nh7 20. g5 hxg5 21. hxg5 Nhf8 22. f4 Ng6 23. c5 bxc5 24. bxc5 Nxc5 25.
Nxc5 dxc5 26. e5 Qa8 27. Qh4 Nxh4 28. Kf2 Bh1 29. Kg3 Nf5+ 0-1

[Event "Early-Titled-Tuesday-Blitz-January-30-2024"]
[Site "Chess.com"]
[Date "2024.01.30"]
[Round "10"]
[White "NikolaGry"]
[Black "sjoerd893"]
[Result "1-0"]
[WhiteElo "2707"]
[BlackElo "2510"]
[TimeControl "180+1"]
[EndTime "10:00:03 PST"]
[Termination "NikolaGry won by resignation"]

1. e4 c5 2. Nf3 Nc6 3. Bb5 g6 4. O-O Bg7 5. c3 Nf6 6. e5 Nd5 7. d4 cxd4 8. cxd4 O-O 9. Nc3 Nxc3 10. bxc3 d6 11. Re1 dxe5 12. Bxc6 bxc6 13. Nxe5 Bd7 14. Ba3 Re8 15. Qf3 Bxe5 16. Rxe5 Rc8 17. Rae1 Be6 18.
Qe2 Qd7 19. h4 h5 20. Qd3 Kg7 21. Qg3 Rh8 22. Bc5 Rce8 23. d5 Bxd5 24. Rxe7 Qf5 25.
Bd4+ Kh7 26. Rxe8 1-0

[Event "Early-Titled-Tuesday-Blitz-January-30-2024"]
[Site "Chess.com"]
[Date "2024.01.30"]
[Round "10"]
[White "KubaGepard"]
[Black "Der_Balak_3Halak"]
[Result "1-0"]
[WhiteElo "2547"]
[BlackElo "2360"]
[TimeControl "180+1"]
[EndTime "10:00:05 PST"]
[Termination "KubaGepard won by checkmate"]

1. d4 d5 2. Nf3 Nf6 3. c4 c6 4. e3 e6 5. Nbd2 Nbd7 6. b3 Bd6 7. Bb2 O-O 8. Bd3 Qe7 9. Ne5 Bc7 10. f4 dxc4 11. bxc4 c5 12. O-O cxd4 13. exd4 b5 14. cxb5 Nd5 15. Ndc4 N7b6 16. Ba3 Qe8 17. Rf3 f6 18. Bxf8 Qxf8 19. Bxh7+ Kxh7 20. Rh3+ Kg8 21. Ng6 Qb4 22. Rh8+ Kf7 23. Qh5 Nxc4 24. Ne5+ Ke7 25. Qe8+ Kd6 26. Qc6+ Ke7 27. Re8# 1-0

[Event "Early-Titled-Tuesday-Blitz-January-30-2024"]
[Site "Chess.com"]
[Date "2024.01.30"]
[Round "10"]
[White "KVAIDAN"]
[Black "brm72"]
[Result "0-1"]
[WhiteElo "2394"]
[BlackElo "2696"]
[TimeControl "180+1"]
[EndTime "10:00:09 PST"]
[Termination "brm72 won by resignation"]

1. f4 Nf6 2. Nf3 g6 3. d3 d5 4. e3 Bg7 5. Be2 O-O 6. O-O c5 7. Kh1 Nc6 8. a4 Qc7 9. Nc3 a6 10. e4 dxe4 11. dxe4 e5 12. Nd5 Nxd5 13. exd5 e4 14.
dxc6 exf3 15. Bxf3 bxc6 16. Qe1 Bf5 17. c3 c4 18. Qf2 Bd3 19. Re1 Rab8 20. Qc5 Rfc8 21.
Re7 Qd8 22. Ra7 Bf8 23. Qf2 Qa5 24. Be3 c5 25. Bd5 Rc7 26. Rxc7 Qxc7 27. f5 Rd8 28. Qf3 Qd6 29. Be4 Bxe4 30. Qxe4 Qd3 31. Qxd3 cxd3 32. fxg6 fxg6 33. Rd1 c4 34. g4 Rb8 35. Rd2 Kf7 36. Kg2 Ke6 37. Kf3 Kd5 38. h4 Bd6 39. h5 Rf8+ 40. Kg2 Ke4 41. Bh6 Rf7 42. Rd1 gxh5 43. Re1+ Kd5 44. gxh5 Rf5 45. Re4 Kxe4 0-1

[Event "Early-Titled-Tuesday-Blitz-January-30-2024"]
[Site "Chess.com"]
[Date "2024.01.30"]
[Round "10"]
[White "AlexeiShirov"]
[Black "mbchess97"]
[Result "1-0"]
[WhiteElo "2762"]
[BlackElo "2437"]
[TimeControl "180+1"]
[EndTime "10:00:10 PST"]
[Termination "AlexeiShirov won by resignation"]

1. e4 c5 2. Nf3 d6 3. d4 cxd4 4. Nxd4 Nf6 5. Nc3 Nc6 6. Bg5 e6 7. Qd2 Be7 8. O-O-O a6 9. f4 Bd7 10. Nf3 Qc7 11. Bd3 b5 12. Rhe1 b4 13. Ne2 O-O 14. Ng3 Rfc8 15. e5 dxe5 16. fxe5 Nd5 17. Bxe7 Ncxe7 18.
Ne4 a5 19. Nd6 Rcb8 20. Ng5 Ng6 21. Qf2 Be8 22. Bxg6 h6 23. Bxf7+ Bxf7 24. Qxf7+ Qxf7 25. Ngxf7 a4 26. Rxd5 exd5 27. e6 b3 28. cxb3 axb3 29. a3 1-0

[Event "Early-Titled-Tuesday-Blitz-January-30-2024"]
[Site "Chess.com"]
[Date "2024.01.30"]
[Round "10"]
[White "Sethu0025"]
[Black "BogdanDeac"]
[Result "0-1"]
[WhiteElo "2865"]
[BlackElo "3080"]
[TimeControl "180+1"]
[EndTime "10:00:12 PST"]
[Termination "BogdanDeac won by resignation"]

1. e4 c6 2. d4 d5 3. e5 Bf5 4.
Nf3 e6 5. Be2 c5 6. Be3 cxd4 7.
Nxd4 Ne7 8. Nd2 Nbc6 9. Bb5 Bg6 10. Bxc6+ bxc6 11. b4 Qc7 12. O-O Nf5 13. Re1 Bxb4 14.
c3 Bxc3 15. Nxf5 Bxf5 16. Rc1 d4 17. Bf4 O-O 18. Qf3 Qa5 19. g4 Bg6 20. Red1 Qxa2 21. Ne4 Qd5 22. Ng5 Qxf3 23. Nxf3 c5 24. h4 Be4 25. Ng5 Bd5 26. f3 a5 27. Bd2 Bxd2 28.
Rxd2 a4 29. Rxc5 a3 30. Rc1 a2 31. Ra1 Rfb8 32. Kf2 Rb1 33. Rd1 Rxd1 34. Rxd1 a1=Q 0-1

[Event "Early-Titled-Tuesday-Blitz-January-30-2024"]
[Site "Chess.com"]
[Date "2024.01.30"]
[Round "10"]
[White "jaskol95"]
[Black "AlexTruskavetsky"]
[Result "0-1"]
[WhiteElo "2538"]
[BlackElo "2700"]
[TimeControl "180+1"]
[EndTime "10:00:12 PST"]
[Termination "AlexTruskavetsky won by resignation"]

1. e4 c5 2. Nf3 Nc6 3. b4 Nxb4 4. c3 Nc6 5. d4 cxd4 6. cxd4 e6 7. Nc3 Bb4 8. Bd2 d5 9. e5 Nge7 10. Bd3 h6 11. O-O O-O 12. Rb1 Ba5 13. Nb5 Bb6 14.
Be3 Nf5 15. Qd2 Nxe3 16. fxe3 Bd7 17. Nd6 Rb8 18. Qf2 Be8 19. Qg3 f6 20. exf6 Rxf6 21.
Ne5 Rxf1+ 22. Rxf1 Qxd6 23. Ng6 Bc7 24. Rf4 Qa3 25.
e4 Bxf4 26. Nxf4 dxe4 27. Nxe6 Qe7 28. Bc4 Kh8 29. d5 Rc8 30. dxc6 Rxc6 31. Bb3 Rxe6 32.
Bxe6 Qxe6 33. Qb8 e3 34. g3 e2 0-1

[Event "Early-Titled-Tuesday-Blitz-January-30-2024"]
[Site "Chess.com"]
[Date "2024.01.30"]
[Round "10"]
[White "GelmanAlexander"]
[Black "frederiksvane"]
[Result "0-1"]
[WhiteElo "2797"]
[BlackElo "2925"]
[TimeControl "180+1"]
[EndTime "10:00:16 PST"]
[Termination "frederiksvane won by resignation"]

1. c4 e6 2. d3 d5 3. Nd2 Nf6 4. Ngf3 Be7 5. a3 O-O 6. e3 c5 7.
b3 Nc6 8. Bb2 b6 9. Rg1 d4 10.
g4 e5 11. g5 Ne8 12. h4 Be6 13. Qe2 Qd7 14. Ne4 Nd6 15. Nf6+ gxf6 16. gxf6+ Kh8 17. fxe7 Qxe7 18. O-O-O f6 19. Bg2 Rac8 20. h5 b5 21. Nh4 Na5 22. Bd5 Nxb3+ 23. Kc2 Bxd5 24.
Ng6+ hxg6 25. hxg6 Kg7 26. cxd5 c4 27. dxc4 bxc4 28.
exd4 c3 29. Bxc3 Nxd4+ 30. Rxd4 Rxc3+ 31. Kd2 Qc7 32. Qh5 Rc2+ 33. Ke3 exd4+ 34. Kf3 Rh8 0-1

[Event "Early-Titled-Tuesday-Blitz-January-30-2024"]
[Site "Chess.com"]
[Date "2024.01.30"]
[Round "10"]
[White "Orujov2008"]
[Black "tusplingher"]
[Result "1-0"]
[WhiteElo "2719"]
[BlackElo "2494"]
[TimeControl "180+1"]
[EndTime "10:00:17 PST"]
[Termination "Orujov2008 won by checkmate"]

1. e4 c5 2. Nf3 d6 3. d4 cxd4 4. Nxd4 Nf6 5. Nc3 a6 6. h3 e6 7.
g4 Be7 8. g5 Nfd7 9. h4 Nc6 10.
Be3 Qc7 11. h5 Nxd4 12. Qxd4 Ne5 13. O-O-O Rg8 14. f4 Nc6 15. Qd2 b5 16. a3 Bb7 17.
g6 hxg6 18. hxg6 f6 19. f5 Ne5 20. fxe6 Nc4 21. Bxc4 Qxc4 22. Nd5 Qxe4 23. Nxe7 Qc4 24.
Nd5 Rc8 25. Kb1 Qe4 26. Rhe1 Qxg6 27. Bb6 Bxd5 28. Qxd5 Qxc2+ 29. Ka1 Qc6 30. Qh5+ g6 31. Qh7 Rf8 32. e7 Rf7 33. Qg8+ Kd7 34. Qxf7 Re8 35. Qe6# 1-0

[Event "Early-Titled-Tuesday-Blitz-January-30-2024"]
[Site "Chess.com"]
[Date "2024.01.30"]
[Round "10"]
[White "Alex_Sahakyan2006"]
[Black "Oleksandr_Bortnyk"]
[Result "0-1"]
[WhiteElo "2883"]
[BlackElo "3110"]
[TimeControl "180+1"]
[EndTime "10:00:20 PST"]
[Termination "Oleksandr_Bortnyk won by resignation"]

1. e4 Nf6 2. Nc3 d5 3. e5 Nfd7 4. e6 fxe6 5. d4 c5 6. Bd3 g6 7. Nf3 Nc6 8. Ng5 Nf6 9. dxc5 e5 10. Nxh7 Rxh7 11. Bxg6+ Rf7 12. Bg5 Be6 13. h4 d4 14.
Ne2 Qd5 15. h5 Qxg2 16. Rg1 Qh2 17. Qd3 O-O-O 18. O-O-O Rg7 19. Qf3 e4 20. Bxe4 Nxe4 21. Qxe4 Qe5 22. Qxe5 Nxe5 23. Nxd4 Bg4 24. Rde1 Rxg5 25.
f4 Rxh5 26. c3 Nd3+ 0-1

[Event "Early-Titled-Tuesday-Blitz-January-30-2024"]
[Site "Chess.com"]
[Date "2024.01.30"]
[Round "10"]
[White "maurovargas01"]
[Black "PetrolulSah"]
[Result "0-1"]
[WhiteElo "1857"]
[BlackElo "2216"]
[TimeControl "180+1"]
[EndTime "10:00:22 PST"]
[Termination "PetrolulSah won on time"]

1. e4 c6 2. Nc3 d5 3. d3 d4 4.
Nce2 Nf6 5. f4 Bg4 6. h3 Bxe2 7. Bxe2 Nbd7 8. Nf3 e6 9. Nxd4 Bc5 10. Nb3 Bb6 11. c3 Nxe4 12. dxe4 Qh4+ 13. Kd2 Qxf4+ 14.
Kc2 Qxe4+ 15. Bd3 Qxg2+ 16. Bd2 Ne5 17. Nc1 O-O-O 18. Qf1 Qd5 19. Qe2 Nf3 20. Bf4 Nd4+ 21. cxd4 Qxh1 0-1

[Event "Early-Titled-Tuesday-Blitz-January-30-2024"]
[Site "Chess.com"]
[Date "2024.01.30"]
[Round "10"]
[White "artooon"]
[Black "Firouzja2003"]
[Result "1-0"]
[WhiteElo "3030"]
[BlackElo "3136"]
[TimeControl "180+1"]
[EndTime "10:00:24 PST"]
[Termination "artooon won by resignation"]

1. e4 e5 2. Nf3 Nc6 3. Bc4 Bc5 4.
c3 Nf6 5. d4 exd4 6. b4 Bb6 7.
e5 d5 8. exf6 dxc4 9. Qe2+ Kf8 10. b5 d3 11. Qe4 Na5 12. Ba3+ Kg8 13. Be7 Qe8 14. fxg7 Kxg7 15. Qe5+ f6 16. Bxf6+ Kg6 17. Bxh8 Bg4 18. O-O Qxe5 19. Nxe5+ Kf5 20. Nxg4 Kxg4 21.
Bg7 Re8 22. Nd2 Re2 23. Rad1 a6 24. bxa6 bxa6 25. Bh6 Kh5 26. Be3 Bxe3 27. fxe3 Kg4 28. Rfe1 1-0

[Event "Early-Titled-Tuesday-Blitz-January-30-2024"]
[Site "Chess.com"]
[Date "2024.01.30"]
[Round "10"]
[White "oogee"]
[Black "Klavdia_Nik"]
[Result "1-0"]
[WhiteElo "2322"]
[BlackElo "2129"]
[TimeControl "180+1"]
[EndTime "10:00:26 PST"]
[Termination "oogee won on time"]

1. e4 c5 2. g3 g6 3. Bg2 Bg7 4. h4 h5 5. Nh3 Nc6 6. c3 d6 7.
O-O Nf6 8. d4 cxd4 9. cxd4 O-O 10. Nc3 a6 11. b3 Ng4 12. Ne2 Rb8 13. Bb2 Qb6 14. Nhf4 e6 15. Qd2 Rd8 16. d5 Bxb2 17. Qxb2 Nce5 18. dxe6 Bxe6 19. Nxe6 fxe6 20. Nf4 Kf7 21. Kh1 Rbc8 22. Rad1 Qc5 23. Qe2 Qc2 24. Rd2 Qc5 25. Nh3 Re8 26. f4 Nd7 27. Rd3 e5 28. fxe5+ Kg7 29. exd6 Nde5 30. d7 1-0

[Event "Early-Titled-Tuesday-Blitz-January-30-2024"]
[Site "Chess.com"]
[Date "2024.01.30"]
[Round "10"]
[White "viktorskliarov"]
[Black "bulletteemo"]
[Result "0-1"]
[WhiteElo "2643"]
[BlackElo "2538"]
[TimeControl "180+1"]
[EndTime "10:00:33 PST"]
[Termination "bulletteemo won on time"]

1. e4 g6 2. d4 Bg7 3. Nc3 c5 4. dxc5 Bxc3+ 5. bxc3 Nf6 6. Bd3 Qa5 7. Ne2 Qxc5 8. O-O Nc6 9. a4 d6 10. h3 O-O 11.
Bh6 Rd8 12. Qc1 Be6 13. Be3 Qa5 14. f4 d5 15. f5 dxe4 16. fxe6 exd3 17. exf7+ Kxf7 18. cxd3 Rxd3 19. Bg5 Rad8 20. Ra2 Qd5 21. Qf4 Qxa2 22.
Bxf6 exf6 23. Qxf6+ Kg8 24. Nd4 Rd2 25. Kh1 Rxg2 26.
Qe6+ Qxe6 27. Nxe6 Rg3 0-1

[Event "Early-Titled-Tuesday-Blitz-January-30-2024"]
[Site "Chess.com"]
[Date "2024.01.30"]
[Round "10"]
[White "RCone"]
[Black "viktorgen2021"]
[Result "0-1"]
[WhiteElo "2395"]
[BlackElo "2567"]
[TimeControl "180+1"]
[EndTime "10:00:33 PST"]
[Termination "viktorgen2021 won by checkmate"]

1. e4 g6 2. d4 Bg7 3. Nc3 d6 4. Be3 Nf6 5. Qd2 c6 6. O-O-O O-O 7. h4 h5 8. Nh3 b5 9. Ng5 b4 10. Ne2 Qa5 11. Kb1 e5 12. f3 Nbd7 13. Nc1 exd4 14. Bxd4 Rd8 15. Bc4 d5 16. Bb3 c5 17. Bxf6 Nxf6 18.
exd5 Ba6 19. Nxf7 Kxf7 20. d6+ c4 21. Qg5 Qxg5 22. hxg5 Ne8 23. d7 Nc7 24. Ba4 Bb5 25.
Bxb5 Nxb5 26. Rd5 Rab8 27. Rhd1 c3 28. Nd3 cxb2 29. Rxb5 Rxb5 30. Nxb2 Bxb2 31. Kxb2 Ke6 32. Re1+ Re5 33. Rd1 Rxd7 34. Rxd7 Kxd7 35. f4 Re2 36. g3 Rg2 37. Kb3 Rxg3+ 38. Kxb4 h4 39. c4 h3 40. f5 gxf5 41. g6 Rxg6 42. a4 h2 43. a5 h1=Q 44.
c5 Qb1+ 45. Kc4 Rg4+ 46. Kd5 Qe4# 0-1

[Event "Early-Titled-Tuesday-Blitz-January-30-2024"]
[Site "Chess.com"]
[Date "2024.01.30"]
[Round "10"]
[White "MetiForce"]
[Black "VladimirKramnik"]
[Result "1-0"]
[WhiteElo "2864"]
[BlackElo "2938"]
[TimeControl "180+1"]
[EndTime "10:00:34 PST"]
[Termination "MetiForce won on time"]

1. d4 Nf6 2. c4 e6 3. Nc3 d5 4. cxd5 exd5 5. Bg5 c6 6. e3 Bf5 7. Qf3 Bg6 8. Bxf6 Qxf6 9. Qxf6 gxf6 10. Nf3 a5 11. Nh4 Bb4 12. Rc1 Nd7 13. a3 Be7 14.
Ne2 f5 15. Nf3 Ra6 16. Nf4 Rb6 17. Rc2 Bd6 18. g3 Ke7 19. h4 Bxf4 20. gxf4 Bh5 21. Nd2 Nf6 22. f3 Ne8 23. Rg1 Nd6 24. Bd3 h6 25.
Kf2 Kf6 26. b3 Re8 27. Rc5 Ra8 28. e4 fxe4 29. fxe4 dxe4 30. Rxh5 exd3 31. Rxh6+ Ke7 32. Re1+ Kd7 33. Rxd6+ Kxd6 34. Nc4+ Kc7 35. Re7+ 1-0

[Event "Early-Titled-Tuesday-Blitz-January-30-2024"]
[Site "Chess.com"]
[Date "2024.01.30"]
[Round "10"]
[White "GMRAVEN_ON_YOUTUBE"]
[Black "vladgoncharov"]
[Result "1-0"]
[WhiteElo "2790"]
[BlackElo "2639"]
[TimeControl "180+1"]
[EndTime "10:00:36 PST"]
[Termination "GMRAVEN_ON_YOUTUBE won by resignation"]

1. f4 Nf6 2. Nf3 g6 3. c4 Bg7 4. Nc3 d5 5. cxd5 Nxd5 6. e4 Nxf4 7. d4 Ne6 8. d5 Nc5 9. Be3 Nbd7 10. Bd4 e5 11.
Be3 b6 12. b4 Nb7 13. h4 h5 14. Bg5 f6 15. Be3 Nd6 16. Rc1 a5 17. a3 axb4 18. axb4 O-O 19. Bd3 Ba6 20. b5 Bc8 21. Na4 f5 22.
Ng5 Nf6 23. exf5 gxf5 24. Ne6 Bxe6 25. dxe6 Qe7 26. O-O Ng4 27. Bg5 Qxe6 28. Rxc7 e4 29. Be2 Kh8 30. Rc6 Qe5 31. Bf4 Qd4+ 32. Kh1 Qxa4 33. Qxd6 Qa2 34. Bc4 Qa1 35. Qg6 Qxf1+ 36. Bxf1 Ra1 37. Rc1 Rxc1 38. Bxc1 Ra8 39. Qxh5+ Kg8 40.
Bc4+ 1-0

[Event "Early-Titled-Tuesday-Blitz-January-30-2024"]
[Site "Chess.com"]
[Date "2024.01.30"]
[Round "10"]
[White "NtcPou"]
[Black "HanSchut"]
[Result "0-1"]
[WhiteElo "2068"]
[BlackElo "2245"]
[TimeControl "180+1"]
[EndTime "10:00:36 PST"]
[Termination "HanSchut won on time"]

1. e4 c5 2. Nf3 d6 3. Bb5+ Bd7 4. Bxd7+ Qxd7 5. c4 Nf6 6. Nc3 g6 7. d4 cxd4 8. Nxd4 Bg7 9. f3 O-O 10. Be3 Rc8 11. b3 e6 12. Ndb5 d5 13. exd5 exd5 14.
O-O a6 15. Na3 Ng4 16. Bd4 Ne3 17. Bxe3 Bxc3 18. Rc1 d4 19. Bf2 Nc6 20. Qd3 Nb4 21. Qd1 Nxa2 22. Rc2 Nb4 23. Rc1 b5 24. Nc2 Nxc2 25.
Qxc2 bxc4 26. Rfd1 cxb3 27. Qxb3 Rd8 28. Rxc3 Rab8 29.
Qa3 dxc3 30. Rxd7 Rb1+ 31. Be1 Rxd7 32. Kf2 c2 33. Bd2 Rxd2+ 34. Kg3 c1=Q 0-1

[Event "Early-Titled-Tuesday-Blitz-January-30-2024"]
[Site "Chess.com"]
[Date "2024.01.30"]
[Round "10"]
[White "aghasiyevkamal"]
[Black "AlexPapasimakopoulos"]
[Result "1-0"]
[WhiteElo "2617"]
[BlackElo "2753"]
[TimeControl "180+1"]
[EndTime "10:00:38 PST"]
[Termination "aghasiyevkamal won by checkmate"]

1. d4 e6 2. c4 d5 3. Nc3 a6 4. Nf3 Nf6 5. cxd5 exd5 6. Bg5 c6 7. e3 Be7 8. Bd3 O-O 9. Qc2 Nbd7 10. O-O Re8 11. h3 Nf8 12. Bf4 Ng6 13. Bh2 Bd6 14.
Bxd6 Qxd6 15. Rab1 Qe7 16. Bxg6 hxg6 17. Rbc1 Bf5 18.
Qb3 Rab8 19. Ne5 Nd7 20. Nxd7 Bxd7 21. Na4 Qg5 22. Kh2 Qf6 23. Qb6 Qd6+ 24. Kg1 Re7 25.
Nc5 g5 26. Nxb7 g6 27. Qc5 Qf6 28. Na5 Rxb2 29. Rb1 Rxa2 30. Rb8+ Kh7 31. Rb7 g4 32. hxg4 Kg7 33. Nxc6 Bxc6 34. Rxe7 Bb5 35. g5 Qf5 36. Re5 Qc2 37. Qe7 Bxf1 38. Qf6+ Kh7 39. Qxf7+ Kh8 40. Re8# 1-0